 Dungeon Crawl Stone Soup version 0.29.1-1-gd02db6906a (webtiles) character file.

Game seed: 17312253720309079961

77 Godmorgon the Magician (level 4, -3/33 HPs)
             Began as a Djinni Ice Elementalist on Oct 5, 2022.
             Slain by Crazy Yiuf
             ... wielding a +2 quarterstaff of chaos
              (12 damage)
             ... on level 2 of the Dungeon.
             The game lasted 00:08:32 (2489 turns).

Godmorgon the Magician (Djinni Ice Elementalist)    Turns: 2489, Time: 00:08:33

Health: -3/33      AC:  9    Str:  7    XL:     4   Next: 58%
Gold:   113        EV: 12    Int: 19    God:
                   SH:  0    Dex: 13

rFire   + + +      SeeInvis .   a - +1 dagger (venom)
rCold   x . .      Faith    .   (no shield)
rNeg    . . .      Spirit   .   m - +0 animal skin
rPois   ∞          Reflect  .   l - +0 helmet
rElec   .          Harm     .   (no cloak)
rCorr   .          Rampage  .   (no gloves)
Will    .....                   (boots unavailable)
Stlth   ++........              (no amulet)
HPRegen 0.11/turn               k - ring of protection from fire
MPRegen 0.00/turn               (no ring)

@: ice-armoured, freezing walls, flying
A: sickness immunity, fire resistance 2, cold vulnerability 1, float, innate
caster, HP casting, extra vitality 1
a: no special abilities


You were on level 2 of the Dungeon.
You visited 1 branch of the dungeon, and saw 2 of its levels.

You collected 113 gold pieces.

Inventory:

Hand Weapons
 a - a +1 dagger of venom (weapon)
Missiles
 f - 2 boomerangs (quivered)
Armour
 l - a +0 helmet (worn)
 m - a +0 animal skin (worn)
Jewellery
 k - a ring of protection from fire (left hand)
Scrolls
 d - 4 scrolls of blinking {unknown}
 i - a scroll of identify {unknown}
 j - 3 scrolls of teleportation {unknown}
Potions
 b - 2 potions of heal wounds {unknown}
 c - a potion of invisibility {unknown}
 e - a potion of haste {unknown}
 g - a potion of ambrosia {unknown}
 h - a potion of resistance {unknown}


   Skills:
 + Level 2.0 Fighting
 - Level 2.1 Dodging
 - Level 1.5 Stealth
 * Level 4.1 Spellcasting


You couldn't memorise any spells.
You knew the following spells:

 Your Spells              Type           Power      Damage    Failure   Level
a - Ozocubu's Armour      Ice            19%        N/A       8%          3
f - Freeze                Ice            76%        1d9       2%          1
h - Hailstorm             Conj/Ice       19%        3d6       24%         4
r - Frozen Ramparts       Ice            38%        1d6       8%          3
s - Shock                 Conj/Air       76%        1d7       2%          1
Your spell library was empty.

Dungeon Overview and Level Annotations

Branches:
Dungeon (2/15)

Altars:

Annotations:
D:2 Crazy Yiuf


Innate Abilities, Weirdness & Mutations

You are immune to sickness and miasma.
You are immune to poison.
Your flesh is very heat resistant. (rF++)
You are vulnerable to cold. (rC-)
You float through the air rather than walking.
You learn spells naturally, not from books.
Your magical power is your life essence.
You have superior vitality. (+4 MHP)


Message History

You throw a boomerang. The boomerang hits the kobold.
You kill the kobold!
You see here a +0 dagger.
You now have 102 gold pieces (gained 11).
You now have 113 gold pieces (gained 11).
You see here a jackal corpse.
Crazy Yiuf shouts!
Crazy Yiuf sings, "Trees, trees, trees, circus!"
Casting: Frozen Ramparts (quite dangerous; 8% risk of failure)
Confirm with . or Enter, or press ? or * to list all spells.
You can't see any susceptible monsters within range! (Use Z to cast anyway.) Unknown command.
Casting: Frozen Ramparts (quite dangerous; 8% risk of failure)
Confirm with . or Enter, or press ? or * to list all spells.
The spell is quite dangerous to miscast (8% risk of failure)!
Continue anyway?
Casting: Frozen Ramparts (quite dangerous; 8% risk of failure)
Press: ? - help, Dir - look around, f - activate The walls around you are covered in ice.
Casting: Frozen Ramparts (quite dangerous; 8% risk of failure)
Confirm with . or Enter, or press ? or * to list all spells.
The spell is quite dangerous to miscast (8% risk of failure)!
Continue anyway?
A film of ice covers your body!
You reach down and open the door.
The wall freezes Crazy Yiuf.
You barely miss Crazy Yiuf.
Crazy Yiuf is moderately wounded.
The wall freezes Crazy Yiuf but does no damage.
Crazy Yiuf barely misses you.
You hit Crazy Yiuf.
Crazy Yiuf is poisoned.
Crazy Yiuf is heavily wounded.
The wall freezes Crazy Yiuf.
Crazy Yiuf hits you with a +2 quarterstaff of chaos.
You resist with some effort.
You hit Crazy Yiuf but do no damage.
Crazy Yiuf looks as sick as possible!
Crazy Yiuf is heavily wounded.
The wall freezes Crazy Yiuf.
Crazy Yiuf grits, "Pitchfork bag turtle!"
Crazy Yiuf hits you with a +2 quarterstaff of chaos!
* * * LOW HITPOINT WARNING * * *
You are electrocuted!
You die...

############ #..
#..........####.>
#..........))....
########.....##..
#...####.#
#...###..# ######
### ##........
##....## ###..)#
#.........
#......####@g...#
#.........
#.....P.#..##...#
#.........
#.#....#.### ###
#.........
#.########
#......... #..#
#......... ##.###
##### #.........
#...###...####
##.....#..
###..........##
#######..
#####...##..#####
#...


You could see Crazy Yiuf (extremely poisoned).

Vanquished Creatures
  Robin (D:2)
  2 adders (D:2)
  A worm (D:2)
  5 ball pythons
  4 endoplasms
  2 giant cockroaches (D:1)
  10 goblins
  6 hobgoblins
  3 jackals (D:2)
  2 bats (D:1)
  A frilled lizard (D:2)
  A kobold (D:2)
  5 rats
  A bush (D:1)
44 creatures vanquished.

Vanquished Creatures (others)
  4 plants (D:1)
4 creatures vanquished.

Grand Total: 48 creatures vanquished

Notes
Turn   | Place    | Note
-------+----------+-------------------------------------------
     0 | D:1      | Godmorgon the Djinni Ice Elementalist began the quest for
                  | the Orb.
     0 | D:1      | Godmorgon set off with the following spells memorised:
                  | Freeze, Frozen Ramparts, Ozocubu's Armour, Hailstorm.
     0 | D:1      | Reached XP level 1. HP: 15/15 MP: 0/0
   372 | D:1      | Reached XP level 2. HP: 20/22 MP: 0/0
  1113 | D:1      | Reached skill level 1 in Fighting
  1761 | D:2      | Found a faded altar of an unknown god.
  1774 | D:2      | Reached XP level 3. HP: 24/27 MP: 0/0
  1774 | D:2      | Learned a level 1 spell: Shock
  1831 | D:2      | Noticed Robin
  1844 | D:2      | Killed Robin
  1845 | D:2      | Reached skill level 4 in Spellcasting
  1845 | D:2      | Reached XP level 4. HP: 18/33 MP: 0/0
  2114 | D:2      | Found a runed translucent door.
  2115 | D:2      | Noticed Crazy Yiuf
  2489 | D:2      | Slain by Crazy Yiuf

Illustrated notes

Levels and vault maps discovered:
D:1:      spicycebolla_arrival_xxxplode, layout_loops_ring, serial_forest,
          infiniplex_forest_clump_cross, infiniplex_forest_side_room,
          infiniplex_forest_straight_1, infiniplex_forest_lined_2,
          infiniplex_forest_end_double, infiniplex_forest_lined_ring,
          roderic_serpentine_path, nicolae_figureground_sparkle
D:2:      layout_rooms, chequers_ecumenical_altar_simple,
          uniq_crazy_yiuf_cottage, uniq_robin

Skill      XL: |  1  2  3  4 |
---------------+-------------+-----
Fighting       | 1 2 |  2.0
Spellcasting   | 4 |  4.1
Dodging        | |  2.1
Stealth        | |  1.5

Action                   |  1- 3 |  4- 6 || total
-------------------------+-------+-------++-------
Melee: Dagger            |    74 |    17 ||    91
       Punch             |     2 |       ||     2
Throw: Stone             |    12 |       ||    12
       Boomerang         |     6 |    31 ||    37
 Cast: Freeze            |    22 |     2 ||    24
       Frozen Ramparts   |     2 |     4 ||     6
       Shock             |     1 |       ||     1
       Ozocubu's Armour  |       |     1 ||     1
Armor: Robe              |     9 |     2 ||    11
       Animal skin       |       |     3 ||     3
Dodge: Dodged            |    22 |    14 ||    36
